 Dungeon Crawl Stone Soup version 0.26-a0-215-g1b87330c0f (webtiles) character file.

Game seed: 13606169862704808688

583 BritishOli the Slasher (level 7, -2/55 HPs)
             Began as a Demonspawn Gladiator on July 6, 2020.
             Slain by a black bear (6 damage)
             ... on level 6 of the Dungeon.
             The game lasted 00:04:39 (4397 turns).

BritishOli the Slasher (Demonspawn Gladiator)       Turns: 4397, Time: 00:04:41

Health: -2/55      AC:  6    Str: 16    XL:     7   Next: 14%
Magic:  7/7        EV: 12    Int:  9    God:
Gold:   176        SH:  4    Dex: 15    Spells: 6/6 levels left

rFire    . . .     SeeInvis .   a - +0 long sword
rCold    . . .     Faith    .   (no shield)
rNeg     . . .     Spirit   .   g - +0 ring mail
rPois    .         Reflect  .   (helmet restricted)
rElec    .         Harm     .   j - +0 cloak
rCorr    .                      (no gloves)
MR       .....                  (no boots)
Stlth    +.........             (no amulet)
HPRegen  0.18/turn              (no ring)
MPRegen  0.10/turn              (no ring)

@: no status effects
A: horns 1, large bone plates 1, foul stench 1, rot immunity
a: no special abilities


You were on level 6 of the Dungeon.
You were not hungry.

You visited 1 branch of the dungeon, and saw 6 of its levels.

You collected 176 gold pieces.

Inventory:

Hand Weapons
 a - a +0 long sword (weapon)
Missiles
 d - 2 throwing nets (quivered)
Armour
 c - a +0 helmet
 g - a +0 ring mail (worn)
 j - a +0 cloak (worn)
Jewellery
 h - an uncursed amulet of reflection {unknown}
Wands
 o - a wand of iceblast (4)
Scrolls
 e - a scroll of remove curse {unknown}
 i - 2 scrolls of identify {unknown}
 l - 2 scrolls of blinking {unknown}
 m - 2 scrolls of fog {unknown}
 n - a scroll of amnesia {unknown}
 p - a scroll of teleportation {unknown}
Potions
 b - a potion of brilliance
 k - a potion of curing {unknown}
 q - a potion of ambrosia {unknown}
Comestibles
 f - 3 rations


   Skills:
 + Level 4.6 Fighting
 + Level 4.7 Long Blades
 - Level 2.0 Throwing
 + Level 3.6 Armour
 - Level 3.0 Dodging


You had 6 spell levels left.
You didn't know any spells.
Your spell library was empty.

Dungeon Overview and Level Annotations

Branches:
Dungeon (5/15)
 Temple: D:4-7

Altars:

Annotations:
D:3 2 transporters, BritishOli's ghost, weakling DsMo


Innate Abilities, Weirdness & Mutations

You have a pair of small horns on your head.
You are partially covered in large bone plates. (SH +4)
You may emit foul miasma when damaged in melee.
You are immune to rotting.


Message History

You closely miss the black bear.
The black bear is almost dead.
The black bear completely misses you.
You riposte.
You hit the black bear but do no damage.
You headbutt the black bear.
The black bear is almost dead.
The black bear claws you but does no damage. x2
You hit the black bear but do no damage.
Your headbutt misses the black bear.
The black bear is almost dead.
The black bear bites you.
* * * LOW HITPOINT WARNING * * *
The black bear claws you but does no damage.
The black bear claws you.
* * * LOW HITPOINT WARNING * * *
The black bear bites you but does no damage.
The black bear claws you.
* * * LOW HITPOINT WARNING * * *
The black bear claws you.
You die...

## ###[. .....
.# .... ..#
##..### #..#
#...h.#####...#
#@..#.....
##....# ##..##
#.## ##)# #..#
##.## #.
######..#####...
#...............


You could see a black bear (berserk, sick).

Vanquished Creatures
  Sigmund (D:3)
  An ogre (D:4)
  A phantom (D:4)
  An orc wizard (D:4)
  A bullfrog skeleton (D:4)
  3 worker ants
  5 adders
  2 adder skeletons (D:4)
  A worm (D:2)
  2 dart slugs
  2 leopard geckos (D:2)
  7 orcs (D:4)
  A giant cockroach (D:4)
  4 goblins
  6 hobgoblins
  7 jackals
  5 kobolds
  3 quokkas (D:4)
  A ball python (D:3)
  10 bats
  4 frilled lizards
  A leopard gecko skeleton (D:4)
  3 rats (D:1)
72 creatures vanquished.

Notes
Turn   | Place    | Note
-------+----------+-------------------------------------------
     0 | D:1      | BritishOli the Demonspawn Gladiator began the quest for the
                  | Orb.
     0 | D:1      | Reached XP level 1. HP: 16/16 MP: 1/1
   203 | D:1      | Gained mutation: You are partially covered in large bone
                  | plates. (SH +4) [demonic ancestry]
   203 | D:1      | Reached XP level 2. HP: 18/22 MP: 2/2
   740 | D:1      | Gained mutation: You are immune to rotting. [demonic
                  | ancestry]
   740 | D:1      | Reached XP level 3. HP: 28/28 MP: 3/3
   971 | D:2      | Noticed Sigmund
  1115 | D:2      | Reached skill level 1 in Armour
  1311 | D:3      | HP: 2/42 [poisoned by an adder]
  1316 | D:3      | HP: 1/42 [poisoned by an adder]
  1834 | D:3      | Found a transporter.
  1844 | D:3      | Noticed BritishOli's ghost (weakling DsMo)
  2106 | D:3      | Found a transporter.
  2112 | D:3      | Reached XP level 4. HP: 34/34 MP: 4/4
  2275 | D:3      | Killed Sigmund
  2275 | D:3      | Gained mutation: You have a pair of small horns on your
                  | head. [demonic ancestry]
  2275 | D:3      | Reached XP level 5. HP: 20/42 MP: 5/5
  2464 | D:4      | Gained mutation: You may emit foul miasma when damaged in
                  | melee. [demonic ancestry]
  2464 | D:4      | Reached XP level 6. HP: 48/48 MP: 6/6
  3276 | D:4      | Reached XP level 7. HP: 49/55 MP: 7/7
  4040 | D:5      | Entered Level 5 of the Dungeon
  4050 | D:5      | You fall into a shaft and drop 1 floor!
  4397 | D:6      | Slain by a black bear

Illustrated notes

Levels and vault maps discovered:
D:1:      dpeg_arrival_arbitrary_b, layout_basic
D:2:      layout_rooms, nicolae_qazlal_eye_of_the_storm, uniq_terence,
          uniq_natasha, uniq_sigmund
D:3:      layout_loops_ring, gammafunk_ghost_stat_death,
          kennysheep_generic_room_8
D:4:      layout_layer_cave, first_ration, minmay_misc_feat_plants,
          hangedman_decor_riveting
D:5:      layout_cave_pools, temple_statues,
          lightli_ossuary_entry_decrepit_ruins, ashenzari_altar_1
D:6:      layout_layer_cave, minmay_crossroads

Skill      XL: |  1  2  3  4  5  6 |
---------------+-------------------+-----
Throwing       | 2 |  2.0
Long Blades    | 3 4 |  4.7
Dodging        | 3 |  3.0
Armour         | 1 2 3 |  3.6
Fighting       | 3 4 |  4.6

Action                   |  1- 3 |  4- 6 |  7- 9 || total
-------------------------+-------+-------+-------++-------
Melee: Long sword        |   130 |    97 |    32 ||   259
       Headbutt          |       |    19 |     9 ||    28
Throw: Throwing net      |       |     1 |       ||     1
  Use: Potion            |     4 |       |       ||     4
 Stab: Held in net/web   |       |     1 |       ||     1
  Eat: Ration            |     2 |     1 |     1 ||     4
Armor: Leather armour    |     5 |       |       ||     5
       Ring mail         |    57 |    26 |    17 ||   100
Dodge: Dodged            |    92 |    48 |    25 ||   165
Block: Other             |    26 |    24 |     7 ||    57
       Rpst.: Long sword |    28 |    16 |     5 ||    49

Table legend:
 A = Non-vault XP
 B = Vault XP
 C = Vault XP percentage of total XP
 D = Non-vault monster count
 E = Vault monster count
 F = Vault count percentage of total count
                 A         B        C        D         E       F
            +---------+---------+-------+---------+---------+-------
      Total |     571 |     262 |  31.5 |      67 |       5 |   6.9
            +---------+---------+-------+---------+---------+-------
        D:1 |      41 |       0 |   0.0 |      24 |       0 |   0.0
        D:2 |      13 |       0 |   0.0 |       4 |       0 |   0.0
        D:3 |      51 |     215 |  80.8 |      17 |       3 |  15.0
        D:4 |     433 |       0 |   0.0 |      21 |       0 |   0.0
        D:6 |      33 |      47 |  58.8 |       1 |       2 |  66.7
            +---------+---------+-------+---------+---------+-------
